 Dungeon Crawl Stone Soup version 0.27-a0-25-g087482e4d5 (webtiles) character file.

Game seed: 7054804353668157909

484846 Grizvalidir the Metallomancer (level 24, -11/151 HPs)
             Began as a Gargoyle Earth Elementalist on Jan 3, 2021.
             Was the Champion of Vehumet.
             Hit by a large rock thrown by a stone giant (22 damage)
             ... on level 5 of the Vaults.
             The game lasted 02:41:40 (68531 turns).

Grizvalidir the Metallomancer (GrEE)               Turns: 68531, Time: 02:41:41

Health: -11/151    AC: 38    Str: 17    XL:     24   Next: 61%
Magic:  11/49      EV: 19    Int: 26    God:    Vehumet [******]
Gold:   3454       SH:  5    Dex: 13    Spells: 4/50 levels left

rFire    + + .     SeeInvis .   P - +8 eveningstar (protect)
rCold    + . .     Faith    .   (no shield)
rNeg     + . .     Spirit   .   F - +3 leather armour {rC+}
rPois    ∞         Reflect  +   Z - +2 helmet
rElec    +         Harm     .   r - +2 cloak {rCorr}
rCorr    +         Rampage  .   R - +2 pair of gloves
Will     +....                  m - +2 pair of boots
Stlth    ++........             B - amulet of reflection
HPRegen  0.35/turn              v - ring "Merphom" {+Inv rF- Int+6 Slay+5}
MPRegen  0.31/turn              N - ring of Sophism {rF+++ MP+9 Int-3 Dex+3 Slay+3}

@: about to teleport, marked, flying, very slightly contaminated, studying
Shields
A: big wings, blink, negative energy resistance 1, electricity resistance,
unbreathing, petrification resistance, miasma immunity, MP-powered wands, AC +18
}: 3/15 runes: decaying, serpentine, abyssal
a: Stop Flying, Blink, Renounce Religion, Evoke Invisibility


You were on level 5 of the Vaults.
You worshipped Vehumet.
Vehumet was exalted by your worship.
You visited 8 branches of the dungeon, and saw 40 of its levels.
You visited the Abyss 1 time.
You also visited: Gauntlet and Wizlab.

You collected 6132 gold pieces.
You spent 2678 gold pieces at shops.

Inventory:

Hand Weapons
 P - a +8 eveningstar of protection (weapon)
Missiles
 b - 1103 stones (quivered)
 H - 2 throwing nets
Armour
 d - +0 shadow dragon scales
 m - a +2 pair of boots (worn)
 r - a +2 cloak of preservation (worn)
 F - a +3 leather armour of cold resistance (worn)
 R - a +2 pair of gloves (worn)
 T - a +0 pair of boots of stealth
 Z - a +2 helmet (worn)
Jewellery
 v - the ring "Merphom" (left hand) {+Inv rF- Int+6 Slay+5}
   (You found it in a Gauntlet)

   [ring of intelligence]

   It affects your intelligence (+6).
   It affects your accuracy and damage with ranged weapons and melee attacks
   (+5).
   It makes you vulnerable to fire.
   It lets you turn invisible.
 B - an amulet of reflection (around neck)
 N - the ring of Sophism (right hand) {rF+++ MP+9 Int-3 Dex+3 Slay+3}
   (You found it on level 13 of the Dungeon)

   [ring of magical power]

   It affects your intelligence (-3).
   It affects your dexterity (+3).
   It affects your accuracy and damage with ranged weapons and melee attacks
   (+3).
   It renders you almost immune to fire.
   It affects your magic capacity (+9).
Wands
 c - a wand of iceblast (45)
 o - a wand of polymorph (43)
 D - a wand of disintegration (40)
 Q - a wand of digging (33)
 Y - a wand of acid (12)
Scrolls
 a - 19 scrolls of remove curse
 h - 7 scrolls of immolation
 q - a scroll of summoning
 w - 6 scrolls of fog
 C - 4 scrolls of magic mapping
 G - 6 scrolls of fear
 O - 8 scrolls of teleportation
 S - 16 scrolls of identify
Potions
 e - 8 potions of berserk rage
 i - 3 potions of ambrosia
 n - a potion of curing
 p - 5 potions of brilliance
 z - 2 potions of resistance
 A - 3 potions of cancellation
 U - 4 potions of might
 W - 4 potions of mutation
Books
 I - a manual of Shields
Miscellaneous
 k - a box of beasts
 x - a condenser vane
 J - a tin of tremorstones (2/2)
 M - a phantom mirror
 X - a lightning rod (4/4)


   Skills:
 + Level 15.2 Fighting
 + Level 14.3 Maces & Flails
 - Level 6.0 Armour
 + Level 12.4 Dodging
 - Level 2.1 Stealth
 + Level 13.9 Spellcasting
 + Level 15.7 Conjurations
 - Level 0.7 Transmutations
 + Level 18.2 Fire Magic
 - Level 22.0 Earth Magic
 - Level 10.0 Evocations


You had 4 spell levels left.
You knew the following spells:

 Your Spells              Type           Power        Failure   Level
a - Shatter               Erth           46%          12%         9
b - Stone Arrow           Conj/Erth      100%         0%          3
c - Lee's Rapid Deconstr  Erth           46%          0%          5
d - Iron Shot             Conj/Erth      43%          1%          6
e - Bolt of Magma         Conj/Fire/Erth 43%          1%          5
f - Fireball              Conj/Fire      41%          1%          5
g - Ignition              Fire           42%          3%          8
h - Irradiate             Conj/Tmut      28%          1%          5

Your spell library contained the following spells:

 Spells                   Type           Power        Failure   Level
 Lehudib's Crystal Spear  Conj/Erth      43%          3%          8
 Absolute Zero            Ice            9%           100%        9
 Magic Dart               Conj           100%         0%          1
 Sandblast                Erth           100%         0%          1
 Conjure Flame            Conj/Fire      82%          0%          3
 Freeze                   Ice            72%          1%          1
 Passwall                 Tmut/Erth      55%          1%          2
 Dazzling Flash           Conj/Hex       100%         1%          3
 Ignite Poison            Fire/Tmut/Pois 50%          1%          3
 Inner Flame              Hex/Fire       60%          1%          3
 Mephitic Cloud           Conj/Pois/Air  45%          1%          3
 Fulminant Prism          Conj/Hex       28%          1%          4
 Hailstorm                Conj/Ice       56%          1%          4
 Leda's Liquefaction      Hex/Erth       33%          1%          4
 Petrify                  Tmut/Erth      67%          1%          4
 Animate Skeleton         Necr           36%          3%          1
 Apportation              Tloc           36%          3%          1
 Corona                   Hex            20%          3%          1
 Pain                     Necr           72%          3%          1
 Sting                    Tmut/Pois      80%          3%          1
 Frozen Ramparts          Ice            36%          3%          3
 Blink                    Tloc           N/A          5%          2
 Call Imp                 Summ           18%          5%          2
 Corpse Rot               Necr/Air       N/A          5%          2
 Ensorcelled Hibernation  Hex/Ice        36%          5%          2
 Poisonous Vapours        Pois/Air       36%          5%          2
 Slow                     Hex            18%          5%          2
 Swiftness                Air            18%          5%          2
 Confusing Touch          Hex            18%          11%         3
 Gell's Gravitas          Tloc           9%           11%         3
 Lesser Beckoning         Tloc           9%           11%         3
 Ozocubu's Armour         Ice            18%          11%         3
 Portal Projectile        Hex/Tloc       36%          11%         3
 Tukima's Dance           Hex            18%          11%         3
 Vampiric Draining        Necr           9%           11%         3
 Olgreb's Toxic Radiance  Pois           18%          11%         4
 Animate Dead             Necr           9%           36%         4
 Cause Fear               Hex            9%           36%         4
 Dispel Undead            Necr           18%          36%         4
 Passage of Golubria      Tloc           N/A          36%         4
 Summon Ice Beast         Ice/Summ       18%          36%         4
 Summon Lightning Spire   Summ/Air       18%          36%         4
 Borgnjor's Vile Clutch   Necr/Erth      33%          1%          5
 Iskenderun's Battlesphe  Conj           79%          1%          5
 Orb of Destruction       Conj           39%          1%          7
 Conjure Ball Lightning   Conj/Air       28%          6%          6
 Yara's Violent Unravell  Hex/Tmut       10%          22%         5
 Spellforged Servitor     Conj/Summ      28%          30%         7
 Fire Storm               Conj/Fire      41%          61%         9
 Agony                    Necr           18%          71%         5
 Excruciating Wounds      Necr           9%           71%         5
 Metabolic Englaciation   Hex/Ice        9%           71%         5
 Silence                  Hex/Air        9%           71%         5
 Summon Forest            Summ/Tloc      9%           71%         5
 Eringya's Noxious Bog    Tmut/Pois      10%          71%         6
 Chain Lightning          Conj/Air       28%          90%         8
 Hydra Form               Tmut           10%          99%         6
 Simulacrum               Ice/Necr       9%           99%         6
 Summon Hydra             Summ           9%           100%        7
 Discord                  Hex            9%           100%        8
 Disjunction              Tloc           9%           100%        8
 Tornado                  Air            9%           100%        9
 Sublimation of Blood     Necr           Unusable     N/A         2
 Statue Form              Tmut/Erth      Unusable     N/A         6

Dungeon Overview and Level Annotations

Branches:
Dungeon (15/15)            Temple (1/1) D:7            Lair (6/6) D:10
  Swamp (4/4) Lair:4        Snake (4/4) Lair:2        Slime (0/5) Lair:5
    Orc (2/2) D:10            Elf (3/3) Orc:2        Vaults (5/5) D:14
  Crypt (0/3) Vaults:3     Depths (0/5) D:15         WizLab (visited)
Gauntlet (visited)

Altars:
Ashenzari
Cheibriados
Dithmenos
Elyvilon
Gozag
Hepliaklqana
Kikubaaqudgha
Nemelex Xobeh
Okawaru
Sif Muna
Vehumet
Wu Jian
Yredelemnul
The Shining One
Beogh
Jiyva

Shops:
D:5 *   D:15 [   Orc:1 :   Orc:2 :!(!   Snake:1 }}=   Vaults:1 ?   Vaults:2 [

Portals:
Trove: D:15 (give +3 shadow dragon scales)

Annotations:
D:4 2 transporters, kelmiir's ghost, amateur DECj
Elf:2 4 runed translucent doors


Innate Abilities, Weirdness & Mutations

You are resistant to torment.
Your stone body is resilient. (AC +18)
You are immune to poison.
Your large and strong wings let you fly indefinitely.
You resist negative energy. (rN+)
You are resistant to electric shocks. (rElec)
You can survive without breathing.
You are immune to petrification.
You are immune to miasma.
You can translocate small distances at will.
You expend magic power (3 MP) to strengthen your wands.


Message History

The storm dragon claws you but does no damage.
The storm dragon barely misses you.
A war gargoyle comes into view. It is wielding a +0 flail.
The vault sentinel points at you and mumbles some strange words.
You barely resist.
The stone giant throws a large rock.
The large rock misses you.
The stone giant throws a large rock.
The large rock hits you.
The stone giant throws a large rock.
The large rock hits you!!
* * * LOW HITPOINT WARNING * * *
The storm dragon bites you!
* * * LOW HITPOINT WARNING * * *
The storm dragon misses you. The storm dragon closely misses you.
You see here a large rock.
Unknown command.
You feel better.
The storm dragon breathes lightning at you.
The bolt of lightning hits you! You resist.
* * * LOW HITPOINT WARNING * * *
The stone giant throws a large rock.
The large rock hits you!!
You die...

. # #..# ..# #..# .# #..# ..#
. #..# ..# .. #e.# ..# ...
...#..# )... .....#..#
###..######...#..#.(# ..# ..
.C.)...D@...)....#..# ..#...
)).c..)()...))...#pp# D.).(#
.e)##..#C######..#..# .))..Q
.C.............#..# ..(c..
.(C......pp......)..#
...#)#####.##.####..#.##....#
...)........................#
$[..)§...p............9.....#
............))†..H..^.......#


You could see a titan, a storm dragon (catching breath), 3 stone giants, a
yaktaur captain, a deep elf sorcerer and a vault sentinel.

Vanquished Creatures
  Saint Roka (Vaults:2)
  Vashnia (Snake:2)
  3 tentacled monstrosities
  The ghost of Wabriskezyt the Brawler, an adept TrMo of Okawaru (Snake:1)
  A titan (Vaults:5)
  2 deep elf blademasters (Elf:3)
  2 deep elf master archers (Elf:3)
  A sphinx (Vaults:5)
  5 tengu reavers
  A storm dragon (Vaults:5)
  An eldritch tentacle (Abyss:3)
  7 tentacled starspawn
  A thorn hunter (Swamp:4)
  Roxanne (Swamp:1)
  7 shadow dragons
  Kirke (Snake:2)
  2 frost giants
  15 nagarajas
  20 vault wardens
  Aizul (Elf:3)
  5 deep elf sorcerers
  5 deep elf elementalists
  3 stone giants
  15 ironheart preservers
  2 war gargoyles (Vaults:5)
  3 very ugly things
  3 deep elf demonologists (Elf:3)
  9 deep elf annihilators
  Nessos (D:13)
  4 bunyips
  2 entropy weavers (Vaults:2)
  A minotaur (Gauntlet)
  7 ettins
  4 eleionomae
  12 deep elf death magi
  Snorg (Orc:1)
  2 fire dragons
  The ghost of Zilaerph the Covert, a journeyman HuAr of Trog (D:13)
  A shambling mangrove (Swamp:2)
  8 yaktaur captains
  4 deep elf high priests
  Fannar (Lair:2)
  10 ogre magi
  3 great orbs of eyes
  2 rakshasas
  7 boulder beetles
  Josephine (D:14)
  4 ice dragons
  31 vault guards
  An alligator snapping turtle (shapeshifter) (Vaults:5)
  3 ghost crabs
  29 hydras
  6 centaur warriors
  10 anacondas
  29 naga warriors
  3 catoblepae
  32 two-headed ogres
  A merfolk avatar (Abyss:3)
  4 death knights
  8 alligators
  9 death yaks
  13 dancing weapons
  A thrashing horror (WizLab)
  Urug (D:11)
  2 deep troll shamans (Vaults:4)
  26 naga sharpshooters
  9 orc high priests (Orc:2)
  A vampire mage (Swamp:3)
  3 shock serpents
  2 wretched stars (Abyss:3)
  Nergalle (Lair:4)
  21 deep elf knights
  Sonja (D:10)
  10 spriggans
  A sun demon (WizLab)
  A fire crab (shapeshifter) (Vaults:2)
  6 skeletal warriors (Vaults:1)
  2 shadow wraiths
  A golden dragon zombie (Abyss:3)
  5 spriggan druids
  6 goliath frogs
  2 unseen horrors
  A glowing orange brain (Vaults:2)
  6 salamander mystics
  A flayed ghost (Vaults:3)
  11 wizards
  18 deep trolls
  An unseen horror (shapeshifter) (Vaults:3)
  7 naga ritualists
  13 swamp dragons
  Pikel (D:8)
  2 bog bodies
  10 harpies
  21 deep elf archers
  2 phantasmal warriors
  An obsidian statue (WizLab)
  11 orc knights
  17 ironbrand convokers
  A wolf spider (Vaults:2)
  An oklob plant (Lair:5)
  6 mana vipers
  8 orc sorcerers
  5 cyclopes
  26 ugly things
  66 deep elf magi
  A will-o-the-wisp (Swamp:4)
  A manticore (D:15)
  2 moths of wrath (shapeshifter)
  3 worldbinders (WizLab)
  7 slime creatures
  8 elephants
  Maurice (D:9)
  A human skeleton (WizLab)
  39 black mambas
  22 salamanders
  2 spectral centaurs (D:13)
  Joseph (D:8)
  4 gargoyles
  A torpor snail (Lair:4)
  14 vault sentinels
  A frost giant skeleton (Abyss:3)
  23 naga magi
  6 guardian serpents
  A hellion (Abyss:3)
  30 cane toads
  A smoke demon (Abyss:3)
  An orange demon (WizLab)
  2 kobold demonologists
  Maggie (D:8)
  A komodo dragon (shapeshifter) (Vaults:4)
  3 rime drakes
  A demonic crawler (Lair:4)
  11 komodo dragons
  41 yaktaurs
  6 freezing wraiths
  6 ancient zymes (Abyss:3)
  A redback zombie (D:14)
  12 trolls
  A jumping spider (shapeshifter) (Vaults:4)
  A queen bee (Lair:3)
  A polar bear (Lair:5)
  2 wolf spider simulacra (D:13)
  13 tyrant leeches
  Prince Ribbit (D:8)
  16 hornets
  A slime creature (shapeshifter) (D:12)
  36 blink frogs
  3 raiju (Abyss:3)
  5 air elementals
  6 dream sheep (Lair:6)
  A dream sheep (shapeshifter) (Vaults:5)
  8 large abominations
  11 flying skulls (Gauntlet)
  4 centaur simulacra (D:13)
  2 vampires
  A redback (Vaults:2)
  2 water elementals (Elf:1)
  2 shadows
  A tarantella (shapeshifter) (Vaults:3)
  6 wyverns
  8 wraiths
  A ynoxinul (WizLab)
  2 fire elementals
  2 basilisks
  45 yaks
  8 humans (D:14)
  A neqoxec (Abyss:3)
  A steam dragon (D:14)
  68 nagas
  19 vampire mosquitoes
  12 wargs
  14 swamp worms
  3 acid dragons
  A naga (shapeshifter) (D:15)
  14 water moccasins
  A water moccasin (shapeshifter) (Vaults:3)
  35 orc warriors
  10 swamp drakes
  A black bear (D:12)
  A meliai simulacrum (D:13)
  2 sky beasts
  3 phantoms
  4 eyes of draining
  19 boggarts
  7 ice beasts
  33 ogres
  An orc skeleton (WizLab)
  A necrophage (D:9)
  3 wolves (Lair:3)
  17 centaurs
  2 lemures (D:8)
  11 big kobolds (D:10)
  30 bullfrogs
  A wyvern zombie (D:12)
  3 gnoll sergeants
  2 earth elementals (Elf:2)
  A glowing shapeshifter simulacrum (Vaults:1)
  9 scorpions
  A wyvern skeleton (D:6)
  9 small abominations
  29 killer bees
  2 howler monkeys
  23 wights
  15 electric eels
  2 bullfrog zombies
  24 starcursed masses (Abyss:3)
  7 hounds
  4 jellies
  47 orc priests
  23 orc wizards
  Crazy Yiuf (D:5)
  7 centaur zombies
  4 centaur skeletons
  6 bullfrog skeletons
  An iron imp (Abyss:3)
  Jessica (D:2)
  7 iguanas
  Natasha (thrice) (D:2)
  11 worker ants
  5 hell rats (Lair:2)
  A hound zombie (D:6)
  2 hound skeletons
  4 worker ant zombies
  19 gnolls
  6 adders
  A shadow imp (D:10)
  4 white imps
  3 ufetubi
  An ooze (D:7)
  3 adder skeletons
  4 adder zombies
  2 worms
  5 dart slugs
  6 leopard geckos
  118 orcs
  4 giant cockroaches
  4 goblins
  7 jackals
  9 kobolds
  10 quokkas
  2 ball pythons
  3 bats
  A frilled lizard (D:4)
  A leopard gecko zombie (D:9)
  5 rats
  4 crawling corpses (Elf:3)
  11 starspawn tentacles
1959 creatures vanquished.

Vanquished Creatures (collateral kills)
  A slime creature (D:14)
  An ugly thing (D:14)
2 creatures vanquished.

Vanquished Creatures (others)
  An eldritch tentacle (WizLab)
  A shadow dragon (Vaults:5)
  A vault guard (D:14)
  A naga warrior (Snake:3)
  A deep elf knight (Elf:2)
  A spriggan druid (Swamp:1)
  A spriggan (Swamp:1)
  5 humans (Snake:2)
  An ogre (Vaults:3)
  A killer bee (D:12)
  A bush (Lair:6)
  4 foxfires (Swamp:4)
  30 fungi
  150 plants
  10 starspawn tentacles
209 creatures vanquished.

Grand Total: 2170 creatures vanquished

Notes
Turn   | Place    | Note
-------+----------+-------------------------------------------
     0 | D:1      | Grizvalidir the Gargoyle Earth Elementalist began the quest
                  | for the Orb.
     0 | D:1      | Reached XP level 1. HP: 10/10 MP: 3/3
   179 | D:1      | Reached XP level 2. HP: 9/15 MP: 1/5
   381 | D:1      | Reached skill level 4 in Earth Magic
   677 | D:1      | Found a snail-covered altar of Cheibriados.
  1088 | D:2      | Noticed Jessica
  1097 | D:2      | Killed Jessica
  1098 | D:2      | Reached XP level 3. HP: 19/19 MP: 2/7
  1100 | D:2      | Learned a level 1 spell: Magic Dart
  1104 | D:2      | Learned a level 3 spell: Stone Arrow
  1357 | D:2      | Noticed Natasha
  1383 | D:2      | Killed Natasha
  1384 | D:2      | Reached skill level 1 in Conjurations
  1384 | D:2      | Reached XP level 4. HP: 8/24 MP: 2/8
  1692 | D:2      | Noticed Natasha
  1699 | D:2      | Killed Natasha
  1700 | D:2      | Reached skill level 5 in Earth Magic
  2101 | D:2      | Found a snail-covered altar of Cheibriados.
  2102 | D:2      | Found a basalt altar of Yredelemnul.
  2154 | D:2      | Noticed Natasha
  2160 | D:2      | Killed Natasha
  2161 | D:2      | Reached XP level 5. HP: 11/28 MP: 8/10
  2169 | D:2      | Learned a level 5 spell: Lee's Rapid Deconstruction
  3012 | D:3      | Found a white marble altar of Elyvilon.
  3372 | D:4      | Reached XP level 6. HP: 32/32 MP: 11/11
  3650 | D:4      | Reached skill level 6 in Earth Magic
  3709 | D:4      | Found a transporter.
  3711 | D:4      | Found a transporter.
  3711 | D:4      | Noticed kelmiir's ghost (amateur DECj)
  4402 | D:5      | Entered Level 5 of the Dungeon
  4473 | D:5      | Noticed an ice beast
  4484 | D:5      | Killed an ice beast
  4485 | D:5      | Reached XP level 7. HP: 36/36 MP: 2/13
  4788 | D:5      | Found Giwyrch's Assorted Antiques.
  4793 | D:5      | Bought a scroll labelled JECWAB UKHI for 26 gold pieces
  4793 | D:5      | Bought 2 fizzy grey potions for 46 gold pieces
  4793 | D:5      | Bought a scroll of identify for 52 gold pieces
  4793 | D:5      | Bought a scroll labelled OMIRUW ZYLESKA for 26 gold pieces
  5711 | D:5      | Found a runed translucent door.
  5712 | D:5      | Noticed Crazy Yiuf
  5718 | D:5      | Killed Crazy Yiuf
  5719 | D:5      | Reached skill level 1 in Armour
  5857 | D:6      | Reached skill level 1 in Fighting
  5857 | D:6      | Reached skill level 1 in Maces & Flails
  5857 | D:6      | Reached skill level 1 in Evocations
  5857 | D:6      | Reached XP level 8. HP: 43/43 MP: 8/15
  5973 | D:6      | Reached skill level 7 in Earth Magic
  6136 | D:6      | Reached skill level 5 in Spellcasting
  6557 | D:6      | Reached skill level 5 in Conjurations
  6804 | D:6      | Gained mutation: You can translocate small distances at
                  | will. [potion of mutation]
  6804 | D:6      | Gained mutation: You expend magic power (3 MP) to
                  | strengthen your wands. [potion of mutation]
  7259 | D:6      | Found an opulent altar of Gozag.
  7354 | D:6      | Reached XP level 9. HP: 49/49 MP: 6/17
  7505 | D:7      | Found a staircase to the Ecumenical Temple.
  7518 | Temple   | Entered the Ecumenical Temple
  7724 | Temple   | Became a worshipper of Vehumet
  8175 | D:7      | Found a shimmering blue altar of Sif Muna.
  8244 | D:7      | Found a glowing golden altar of the Shining One.
  8703 | D:8      | Noticed Maggie
  8708 | D:8      | Noticed Joseph
  8736 | D:8      | Killed Joseph
  8746 | D:8      | Killed Maggie
  8747 | D:8      | Reached skill level 8 in Earth Magic
  8958 | D:8      | Noticed Pikel
  8989 | D:8      | Killed Pikel
  8990 | D:8      | Reached XP level 10. HP: 52/56 MP: 17/19
  9060 | D:8      | Reached * piety under Vehumet
  9060 | D:8      | Offered knowledge of Foxfire by Vehumet.
  9308 | D:8      | Learned a level 2 spell: Passwall
  9351 | D:8      | Noticed Prince Ribbit
  9358 | D:8      | Killed Prince Ribbit
  9899 | D:9      | Noticed Maurice
  9924 | D:9      | Killed Maurice
 10334 | D:9      | Reached skill level 5 in Armour
 10535 | D:9      | Reached skill level 5 in Fighting
 10832 | D:10     | Entered Level 10 of the Dungeon
 10837 | D:10     | Noticed Sonja
 10846 | D:10     | Reached ** piety under Vehumet
 10846 | D:10     | Offered knowledge of Freeze by Vehumet.
 10847 | D:10     | Killed Sonja
 10848 | D:10     | Reached skill level 9 in Earth Magic
 10849 | D:10     | Reached XP level 11. HP: 64/64 MP: 10/20
 11107 | D:10     | Reached skill level 5 in Maces & Flails
 11222 | D:10     | Noticed a boulder beetle
 11254 | D:10     | Killed a boulder beetle
 11664 | D:10     | Offered knowledge of Inner Flame by Vehumet.
 12019 | D:10     | Noticed a death yak
 12042 | D:10     | Noticed a death yak
 12044 | D:10     | Noticed a death yak
 12086 | D:10     | Killed a death yak
 12086 | D:10     | Reached *** piety under Vehumet
 12087 | D:10     | Reached skill level 5 in Dodging
 12087 | D:10     | Reached skill level 5 in Evocations
 12384 | D:10     | Found a staircase to the Lair.
 12481 | D:10     | Killed a death yak
 12497 | D:10     | Killed a death yak
 12702 | D:10     | Found a staircase to the Orcish Mines.
 13339 | D:10     | Found a staircase to the Lair.
 13392 | D:10     | Found a staircase to the Orcish Mines.
 14102 | D:11     | Found a gate leading to a gauntlet.
 14105 | D:11     | Noticed Urug
 14111 | Gauntlet | Entered a Gauntlet
 14111 | Gauntlet | Found a transporter.
 14121 | Gauntlet | Found a transporter.
 14136 | Gauntlet | Found a transporter.
 14138 | Gauntlet | Noticed a wizard
 14141 | Gauntlet | Found a transporter.
 14141 | Gauntlet | Noticed a wizard
 14141 | Gauntlet | Noticed a necromancer
 14143 | Gauntlet | Noticed a death yak
 14149 | Gauntlet | Noticed a death yak
 14149 | Gauntlet | Noticed a death yak
 14150 | Gauntlet | Noticed a death yak
 14150 | Gauntlet | Noticed a death yak
 14153 | Gauntlet | Noticed a death yak
 14156 | Gauntlet | Found a transporter.
 14175 | Gauntlet | Found a transporter.
 14185 | Gauntlet | Noticed a death yak
 14186 | Gauntlet | Noticed a death yak
 14186 | Gauntlet | Noticed a death yak
 14187 | Gauntlet | Found a transporter.
 14199 | Gauntlet | Found a transporter.
 14211 | Gauntlet | Found a transporter.
 14211 | Gauntlet | Noticed a green death
 14212 | Gauntlet | Noticed an entropy weaver
 14217 | Gauntlet | Found a transporter.
 14232 | Gauntlet | Found a transporter.
 14267 | Gauntlet | Found a transporter.
 14285 | Gauntlet | Found a transporter.
 14287 | Gauntlet | Found a transporter.
 14296 | Gauntlet | Noticed a death ooze
 14314 | Gauntlet | Found a transporter.
 14314 | Gauntlet | Found a transporter.
 14319 | Gauntlet | Noticed a catoblepas
 14334 | Gauntlet | Found a transporter.
 14412 | Gauntlet | Found a transporter.
 14547 | Gauntlet | Killed a catoblepas
 14548 | Gauntlet | Reached XP level 12. HP: 36/71 MP: 21/23
 14789 | Gauntlet | Reached skill level 10 in Earth Magic
 14789 | Gauntlet | Offered knowledge of Iskenderun's Mystic Blast by Vehumet.
 15054 | Gauntlet | Got a transparent amber ring
 15059 | Gauntlet | Identified the ring "Merphom" {+Inv rF- Int+6 Slay+5} (You
                  | found it in a Gauntlet)
 15080 | Gauntlet | Noticed a minotaur
 15098 | Gauntlet | Killed a minotaur
 15299 | D:11     | HP: 3/72 [electric eel/bolt of electricity (2)]
 15745 | D:11     | Learned a level 3 spell: Mephitic Cloud
 15907 | D:11     | Reached **** piety under Vehumet
 16092 | D:11     | Offered knowledge of Fireball by Vehumet.
 16098 | D:11     | Killed Urug
 16295 | D:11     | Learned a level 5 spell: Fireball
 16316 | D:11     | Got a jewelled long sword
 16317 | D:11     | Identified the +4 long sword "Sarcophage" {vamp, rC+} (You
                  | found it on level 11 of the Dungeon)
 16981 | D:12     | Reached skill level 1 in Fire Magic
 17010 | D:12     | Noticed a fire dragon
 17011 | D:12     | Noticed a two-headed ogre
 17522 | D:12     | Noticed an eight-headed hydra
 17531 | D:12     | Killed a two-headed ogre
 17531 | D:12     | Killed an eight-headed hydra
 17938 | D:12     | Reached ***** piety under Vehumet
 18103 | D:12     | Learned a level 4 spell: Petrify
 18190 | D:12     | Reached XP level 13. HP: 72/78 MP: 13/25
 18525 | D:12     | Offered knowledge of Irradiate by Vehumet.
 18538 | D:12     | Learned a level 5 spell: Irradiate
 19173 | D:12     | Identified a scroll of acquirement
 19173 | D:12     | Acquired a +2 eveningstar of protection
 19336 | D:12     | Killed a fire dragon
 20194 | D:13     | Reached skill level 11 in Earth Magic
 20323 | D:13     | Noticed Nessos
 20344 | D:13     | Killed Nessos
 20882 | D:13     | Found a runed translucent gate.
 20884 | D:13     | Found a runed translucent gate.
 20886 | D:13     | Found a runed translucent gate.
 20894 | D:13     | Noticed Zilaerph's ghost (journeyman HuAr)
 20900 | D:13     | Killed Zilaerph's ghost
 20936 | D:13     | Got a faintly glowing turquoise ring
 20940 | D:13     | Identified the ring of Sophism {rF+++ MP+9 Int-3 Dex+3
                  | Slay+3} (You found it on level 13 of the Dungeon)
 21375 | D:13     | Reached skill level 5 in Fire Magic
 21573 | D:13     | Identified the +1 quarterstaff "Nihipt" {speed, +Inv Int+2}
                  | (You found it on level 13 of the Dungeon)
 21577 | D:13     | Identified the cursed +1 leather armour of Uphoj {Dex+3}
                  | (You found it on level 13 of the Dungeon)
 22054 | D:14     | Gained mutation: Your large and strong wings let you fly
                  | indefinitely. [Gargoyle growth]
 22054 | D:14     | Reached XP level 14. HP: 77/84 MP: 20/26
 22136 | D:14     | Identified the +6 scale mail of the Good {*Slow rElec
                  | Regen+ Str+4}
 22519 | D:14     | Offered knowledge of Lightning Bolt by Vehumet.
 22626 | D:14     | Reached skill level 10 in Conjurations
 23177 | D:14     | Noticed Josephine
 23180 | D:14     | Killed Josephine
 23736 | D:14     | Found a gate to the Vaults.
 23741 | D:14     | Found the +8 glaive of the Guard {elec, spectral, AC+5}
 24075 | Lair:1   | Entered Level 1 of the Lair of Beasts
 24405 | Lair:1   | Reached skill level 12 in Earth Magic
 25083 | Lair:2   | Noticed Fannar
 25110 | Lair:2   | Killed Fannar
 25479 | Lair:2   | Found a staircase to the Snake Pit.
 25846 | Lair:3   | You are sucked into a shaft and drop 2 floors!
 26050 | Lair:4   | Found a staircase to the Swamp.
 26384 | Lair:3   | Reached XP level 15. HP: 88/91 MP: 28/28
 26401 | Lair:3   | Offered knowledge of Bolt of Magma by Vehumet.
 26539 | Lair:3   | Learned a level 5 spell: Bolt of Magma
 27529 | Lair:4   | Noticed Nergalle
 27542 | Lair:4   | Killed Nergalle
 28424 | Lair:5   | Reached skill level 10 in Fighting
 28559 | Lair:5   | Found a viscous altar of Jiyva.
 28560 | Lair:5   | Found a staircase to the Slime Pits.
 29265 | Lair:6   | Entered Level 6 of the Lair of Beasts
 29735 | Lair:6   | Reached skill level 10 in Spellcasting
 30159 | Lair:6   | Reached ****** piety under Vehumet
 30160 | Lair:6   | Offered knowledge of Starburst by Vehumet.
 30376 | Lair:6   | Reached XP level 16. HP: 98/98 MP: 30/30
 30967 | Lair:6   | Reached skill level 13 in Earth Magic
 31560 | Orc:1    | Entered Level 1 of the Orcish Mines
 31560 | Orc:1    | Found Bithupo's Book Shop.
 31601 | Orc:1    | Reached skill level 10 in Fire Magic
 31789 | Orc:1    | Offered knowledge of Freezing Cloud by Vehumet.
 32039 | Orc:1    | Found a roughly hewn altar of Beogh.
 32114 | Orc:2    | Entered Level 2 of the Orcish Mines
 32118 | Orc:2    | Found an iron altar of Okawaru.
 32347 | Orc:2    | Reached skill level 10 in Maces & Flails
 32635 | Orc:2    | Found a staircase to the Elven Halls.
 33290 | Orc:1    | Noticed Snorg
 33295 | Orc:1    | Killed Snorg
 33529 | Orc:2    | Found Vufeot's Weapon Shoppe.
 33533 | Orc:2    | Found Zusaidox's Distillery.
 33537 | Orc:2    | Offered knowledge of Ozocubu's Refrigeration by Vehumet.
 33571 | Orc:2    | Bought a potion of curing for 36 gold pieces
 33571 | Orc:2    | Bought a potion of invisibility for 96 gold pieces
 33571 | Orc:2    | Bought a potion of curing for 36 gold pieces
 33571 | Orc:2    | Bought a potion of curing for 36 gold pieces
 33571 | Orc:2    | Bought a potion of heal wounds for 60 gold pieces
 33890 | Orc:2    | Found a roughly hewn altar of Beogh.
 33901 | Orc:2    | Found Nualogif's Distillery.
 33901 | Orc:2    | Found Dohebbeg's Book Shoppe.
 33940 | Orc:2    | Bought a book of Power for 585 gold pieces
 33949 | Orc:2    | Learned a level 6 spell: Iron Shot
 33963 | Orc:2    | Bought a potion of curing for 45 gold pieces
 33963 | Orc:2    | Bought a potion of heal wounds for 75 gold pieces
 33963 | Orc:2    | Bought a potion of heal wounds for 75 gold pieces
 33963 | Orc:2    | Bought a potion of magic for 120 gold pieces
 33963 | Orc:2    | Bought a potion of haste for 150 gold pieces
 33963 | Orc:2    | Bought a potion of invisibility for 120 gold pieces
 34004 | Orc:2    | Bought a potion of cancellation for 96 gold pieces
 34004 | Orc:2    | Bought 2 potions of ambrosia for 192 gold pieces
 34004 | Orc:2    | Bought a potion of brilliance for 48 gold pieces
 34004 | Orc:2    | Bought a potion of brilliance for 48 gold pieces
 34491 | D:15     | Entered Level 15 of the Dungeon
 34848 | D:15     | Found an ornate altar of the Wu Jian Council.
 35071 | D:15     | Found Toejef's Antique Armour Shop.
 35175 | D:15     | Bought a pair of runed boots for 277 gold pieces
 35643 | D:15     | Found a staircase to the Depths.
 35825 | D:15     | Found a portal to a secret trove of treasure.
 36049 | Snake:1  | Entered Level 1 of the Snake Pit
 36578 | Snake:1  | Found a runed translucent door.
 36586 | Snake:1  | Noticed Wabriskezyt's ghost (adept TrMo)
 36603 | Snake:1  | Killed Wabriskezyt's ghost
 36604 | Snake:1  | Reached XP level 17. HP: 95/104 MP: 2/31
 36611 | Snake:1  | Identified the Collected Works on Freezing Weightlessness
 36615 | Snake:1  | Identified the cursed +0 double sword of Piampi Bigu
                  | {flame, rC+} (You found it on level 1 of the Snake Pit)
 37104 | Snake:1  | Found Niqusob's Jewellery Shoppe.
 37104 | Snake:1  | Found Donnaec's Gadget Boutique.
 37105 | Snake:1  | Found Vyuxt's Gadget Boutique.
 38138 | Snake:2  | Noticed Vashnia
 38158 | Snake:2  | Killed Vashnia
 38742 | Snake:2  | Noticed Kirke
 38754 | Snake:2  | Killed Kirke
 38888 | Snake:2  | Offered knowledge of Ignition by Vehumet.
 38899 | Snake:2  | Learned a level 8 spell: Ignition
 40059 | Snake:3  | Reached XP level 18. HP: 49/110 MP: 15/32
 41237 | Snake:4  | Entered Level 4 of the Snake Pit
 41467 | Swamp:1  | Entered Level 1 of the Swamp
 41467 | Swamp:1  | Identified Roxanne's Disquisition on Clay
 41467 | Swamp:1  | Noticed Roxanne
 41474 | Swamp:1  | Killed Roxanne
 41997 | Swamp:1  | Reached skill level 15 in Fire Magic
 43621 | Swamp:3  | Offered knowledge of Lehudib's Crystal Spear by Vehumet.
 43621 | Swamp:3  | Offered knowledge of Shatter by Vehumet.
 43621 | Swamp:3  | Offered knowledge of Absolute Zero by Vehumet.
 43925 | Swamp:3  | Identified the +1 robe of Pantheism {-Tele rPois rF+ Int+4}
                  | (You found it on level 3 of the Swamp)
 45127 | Swamp:4  | Entered Level 4 of the Swamp
 45301 | Swamp:4  | Reached skill level 14 in Earth Magic
 45301 | Swamp:4  | Reached skill level 10 in Evocations
 45303 | Swamp:4  | Reached XP level 19. HP: 76/116 MP: 34/34
 45323 | Swamp:4  | Got a decaying rune of Zot
 48081 | Snake:4  | Reached skill level 10 in Dodging
 49673 | Snake:4  | Reached skill level 15 in Earth Magic
 49967 | Snake:4  | Reached XP level 20. HP: 124/124 MP: 35/35
 50243 | Snake:4  | Got a serpentine rune of Zot
 50703 | Vaults:1 | Entered Level 1 of the Vaults
 51490 | Vaults:1 | Found a broken altar of Ashenzari.
 52820 | Vaults:1 | Found Jerrubli's Magic Scroll Boutique.
 52826 | Vaults:1 | Bought a scroll of magic mapping for 59 gold pieces
 52826 | Vaults:1 | Bought 2 scrolls of enchant armour for 255 gold pieces
 52826 | Vaults:1 | Bought a scroll of teleportation for 51 gold pieces
 52826 | Vaults:1 | Bought a scroll of identify for 34 gold pieces
 52826 | Vaults:1 | Bought a scroll of identify for 34 gold pieces
 53089 | Vaults:2 | Reached skill level 16 in Earth Magic
 53114 | Vaults:2 | Found a magical portal.
 53188 | WizLab   | Entered The Roulette of Golubria
 53188 | WizLab   | Found a transporter.
 53193 | WizLab   | Found a corrupted altar of Lugonu.
 53262 | WizLab   | Found a transporter.
 53266 | WizLab   | Found a corrupted altar of Lugonu.
 53313 | WizLab   | Found a transporter.
 53375 | WizLab   | Found a transporter.
 53397 | WizLab   | Found a transporter.
 53417 | WizLab   | Found a transporter.
 53417 | WizLab   | Found a transporter.
 53491 | WizLab   | Found a transporter.
 53491 | WizLab   | Found a transporter.
 53526 | WizLab   | Found a transporter.
 53526 | WizLab   | Found a transporter.
 53756 | WizLab   | Found a transporter.
 53756 | WizLab   | Found a transporter.
 53939 | WizLab   | Identified Golubria's Handbook of Displacement
 53945 | WizLab   | Got a distressingly furry cloak
 53948 | WizLab   | Got a bloodstained cloak
 53950 | WizLab   | Found a transporter.
 53950 | WizLab   | Found a transporter.
 53963 | WizLab   | Identified the cursed +0 cloak of Life {-Cast rF+ Int+2
                  | Stlth+} (You found it in a wizard's laboratory)
 53965 | WizLab   | Identified the +0 cloak of the Griffon {rElec Will++ rCorr
                  | Str-5} (You found it in a wizard's laboratory)
 53970 | WizLab   | Identified the +1 cloak of the Frog {-Cast rF+++} (You
                  | found it in a wizard's laboratory)
 54087 | WizLab   | Found a transporter.
 54087 | WizLab   | Found a transporter.
 54206 | Vaults:2 | Reached XP level 21. HP: 108/129 MP: 37/37
 54377 | Vaults:2 | Found Kijamnao's Armour Shoppe.
 54517 | Vaults:2 | Noticed Saint Roka
 54529 | Vaults:2 | Killed Saint Roka
 56309 | Vaults:3 | Reached skill level 17 in Earth Magic
 57019 | Vaults:3 | Found a staircase to the Crypt.
 58990 | Vaults:4 | Reached XP level 22. HP: 102/136 MP: 33/38
 59153 | Vaults:4 | Paralysed by an ogre mage for 3 turns
 59615 | Vaults:4 | Reached skill level 18 in Earth Magic
 61208 | Vaults:5 | Entered Level 5 of the Vaults
 61461 | Elf:1    | Entered Level 1 of the Elven Halls
 61501 | Elf:1    | Identified the Collected Works on Attacks
 61532 | Elf:1    | Reached skill level 15 in Conjurations
 61848 | Elf:1    | Learned a level 3 spell: Stone Arrow
 62308 | Elf:1    | You are sucked into a shaft and drop 1 floor!
 62707 | Elf:2    | Reached XP level 23. HP: 143/143 MP: 40/40
 63312 | Elf:2    | Found a large runed translucent door.
 63312 | Elf:2    | Found a large runed translucent door.
 63336 | Elf:2    | Found a large runed translucent door.
 63336 | Elf:2    | Found a large runed translucent door.
 63591 | Elf:3    | Entered Level 3 of the Elven Halls
 63609 | Elf:3    | Noticed Aizul
 63612 | Elf:3    | Found a frozen archway.
 63628 | Elf:3    | Killed Aizul
 63632 | Elf:3    | Reached skill level 19 in Earth Magic
 63673 | Elf:3    | Cast into level 3 of the Abyss (a deep elf sorcerer)
 64155 | Abyss:3  | Found a corrupted altar of Lugonu.
 64312 | Abyss:3  | Found a corrupted altar of Lugonu.
 64347 | Abyss:3  | Got an abyssal rune of Zot
 64375 | Elf:3    | Escaped the Abyss
 64666 | Elf:3    | Reached skill level 15 in Fighting
 65511 | Elf:3    | Identified the +2 trident "Zeclaxe" {vorpal, +Rage rElec
                  | rN+ Dex-4}
 65516 | Elf:3    | Identified the ring of Jukhaxt Wept {rElec rF- AC+4 Int-5
                  | Dex+9}
 65527 | Elf:3    | Identified the cursed ring "Nuir Gon" {rF+ Slay-4}
 66500 | Elf:3    | Acquired 581 gold pieces
 66518 | Elf:3    | Identified the Incunabulum of Execration
 67358 | Elf:3    | Learned a level 9 spell: Shatter
 67657 | Vaults:5 | Reached XP level 24. HP: 126/149 MP: 40/40
 67669 | Vaults:4 | Reached skill level 20 in Earth Magic
 68245 | Vaults:5 | Reached skill level 21 in Earth Magic
 68286 | Vaults:5 | Identified the ring "Woixuymo" {+Fly rC++ Stlth-}
 68524 | Vaults:5 | Reached skill level 22 in Earth Magic
 68531 | Vaults:5 | Hit by a large rock thrown by a stone giant

Illustrated notes

Levels and vault maps discovered:
D:1:      minmay_arrival_plants_in_alcoves, layout_basic, st_stairs_8,
          cheibriados_altar_1
D:2:      layout_loops_ring, gammafunk_temple_overflow_statue,
          hangedman_decor_growths, roderic_serpentine_path, uniq_jessica,
          uniq_natasha
D:3:      layout_basic, elyvilon_altar_3
D:4:      layout_basic, gammafunk_ghost_arena, minivault_19
D:5:      layout_loops_ring, serial_shops, kennysheep_little_box,
          uniq_crazy_yiuf_cottage
D:6:      layout_layer_cave, grunt_gozag_breadcrumbs
D:7:      layout_loops_ring, overflow_temple_1_default, general_overflow_altar,
          minmay_temple_entry_nine_rooms
D:8:      layout_gridville, abandoned_shop, nrook_pool_corridor,
          nicolae_straight_to_the_point, uniq_pikel, uniq_maggie, uniq_joseph,
          uniq_prince_ribbit1
D:9:      layout_basic, kennysheep_generic_room_13, uniq_maurice
D:10:     layout_basic, dpeg_lair_monsters, david_orc_3, special_room
          [special_room_kobold], minmay_shattered_shrine, uniq_sonja
D:11:     layout_cross, gauntlet_entry_generic, serial_bayou,
          serial_bayou_ford_a, serial_bayou_shore_b, serial_bayou_lake_a,
          serial_bayou_crossing, serial_bayou_shore_b, serial_bayou_pond_e,
          dk_noncrumbling_2, uniq_urug
D:12:     minmay_connected_boxes_in_corner, layout_stronghold
D:13:     layout_cave_pools, gammafunk_ghost_necromancy, laboratory, uniq_nessos
D:14:     layout_loops_ring, ximxim_vaults_locker_room, uniq_josephine
D:15:     grunt_enter_depths_snipers, layout_loops_ring, basic_altar,
          serial_shops, shop, nicolae_trove_entry_crystal,
          minmay_misc_feat_secret_circle
Temple:   minmay_crystal_spiral_temple
Lair:1:   layout_roguey, lemuel_fruit_fields, grunt_megastairs_2
Lair:2:   layout_concentric_octagons, guppyfry_snake_entry_garden, uniq_fannar
Lair:3:   layout_roguey [special_room_bee], st_stairs_10
Lair:4:   layout_hall_layers, swamp_mist_pool, worms_lemuel, uniq_nergalle
Lair:5:   layout_hall_layers, slime_altar_1, serial_bayou_shore_b,
          serial_bayou_shore_b, serial_bayou_shore_a
Lair:6:   minmay_lair_end_frog_pond, layout_loops_ring
Swamp:1:  layout_falls_marsh, hangedman_swamp_lotus, uniq_roxanne
Swamp:2:  layout_basic_swamp, evilmike_swamp_ruin_house_4
Swamp:3:  layout_falls_marsh, evilmike_swamp_ruin_house_1, swamp_pool4,
          cheibrodos_swamp_pet_leeches
Swamp:4:  swamp, layout_basic_swamp
Snake:1:  layout_cave_shapes, ebering_ghost_reflecting_pool, grunt_ministairs_8,
          nicolae_snake_double_loop, minmay_shop_grove
Snake:2:  layout_basic, grunt_megastairs_3, uniq_vashnia, uniq_kirke
Snake:3:  nicolae_cobra_stairs, layout_concentric_octagons
Snake:4:  grunt_snake_rune_spirals, layout_concentric_octagons,
          serial_bayou_shore_b
Orc:1:    layout_caves, serial_shops, shop, minmay_orc_temple_b, uniq_snorg
Orc:2:    st_orc_town, layout_diamond_mine, okawaru_metal_pillars_3
Elf:1:    layout_loops_corners, minmay_elf_annihilation,
          nicolae_elf_glass_and_crystal_pillar_1
Elf:2:    layout_loops_cross, glass_columns_c,
          nicolae_elf_glass_and_crystal_pillar_2
Elf:3:    grunt_elf_hall_diamonds, layout_loops_cross,
          portal_ice_cave_entry_pillars_2, nicolae_elf_v_pinch,
          columned_hall_lemuel, uniq_aizul
Vaults:1: nicolae_vaults_hallways_thing, hangedman_vaults_restitches, v_misc_27,
          vaults_standard_mumra_lines, vaults_room_fancy_cross, v_pattern_4,
          nicolae_vaults_display_case, hangedman_vaults_maws,
          nicolae_vaults_theta, nicolae_vaults_little_squares_6,
          nicolae_vaults_little_squares_5, layout_vaults_omnigrid, serial_shops,
          nicolae_shop_competitors_out_of_business, basic_altar
Vaults:2: hangedman_vaults_slither, nicolae_vaults_sealed_display,
          vaults_room_grunt_arrival_ludios, ontoclasm_vaults_decontamination,
          vaults_mumra_chevron_long, v_misc_1, v_misc_25, vaults_dpeg_ring,
          grunt_vaults_diagonal, vaults_room_semicircle, v_rooms_4, v_misc_9,
          layout_vaults_omnicross, mu_enter_wizlab_1, serial_shops,
          nicolae_shop_statue_plus, uniq_saint_roka
Vaults:3: nicolae_vaults_circle_grid_a, hangedman_vaults_restitches,
          nicolae_vaults_little_squares_4, v_misc_11, v_misc_24,
          vaults_dpeg_cross, vaults_room_semicircle, blue_anna_dwarven_crypt,
          ontoclasm_vaults_shout, vaults_mumra_minichess_inversion,
          nicolae_vaults_three_branches, ontoclasm_vaults_shuriken,
          hangedman_vaults_stretched_pinwheel, nicolae_vaults_alarming,
          nicolae_vaults_diagonal_hallway_7, layout_vaults_chaotic_city
Vaults:4: nicolae_vaults_little_ls, v_pattern_1, vaults_mumra_chevron,
          v_misc_25, v_misc_4, vaults_room_large_hall, v_rooms_1,
          hangedman_vaults_hard_town_square, vaults_dpeg_hooks,
          nicolae_vaults_angled_halls, layout_vaults_maze_bifur
Vaults:5

Skill      XL: |  1  2  3  4  5  6  7  8  9 10 11 12 13 14 15 16 17 18 19 20 21 22 23 24 |
---------------+-------------------------------------------------------------------------+-----
Earth Magic    | 4 5 6 7 8 9 10 11 12 13 14 15 16 17 18 19 22 | 22.0
Spellcasting   | 3 4 5 6 7 8 9 10 11 12 13 | 13.9
Conjurations   | 1 2 3 4 5 6 7 8 9 10 11 12 13 14 15 | 15.7
Armour         | 1 2 4 5 6 |  6.0
Fighting       | 1 2 4 5 6 7 8 9 10 11 12 13 14 15 | 15.2
Maces & Flails | 1 2 3 4 6 7 8 9 10 11 12 13 14 | 14.3
Evocations     | 1 2 3 4 5 6 7 8 9 10 | 10.0
Dodging        | 2 3 4 5 6 7 8 9 10 11 12 | 12.4
Fire Magic     | 2 5 8 9 10 13 16 17 18 | 18.2
Stealth        | |  2.1
Transmutations | |  0.7

Action                   |  1- 3 |  4- 6 |  7- 9 | 10-12 | 13-15 | 16-18 | 19-21 | 22-24 || total
-------------------------+-------+-------+-------+-------+-------+-------+-------+-------++-------
Melee: Unarmed           |    18 |       |       |       |       |       |       |       ||    18
       Whip              |     7 |   150 |   304 |   563 |    40 |       |       |       ||  1064
       Eveningstar       |       |       |       |       |   706 |   866 |   629 |   503 ||  2704
 Cast: Sandblast         |    14 |     9 |    57 |    77 |    54 |    26 |     1 |       ||   238
       Magic Dart        |       |     4 |     8 |       |       |       |       |       ||    12
       Stone Arrow       |       |       |     1 |    24 |    12 |       |       |       ||    37
       Lee's Rapid Decon |       |       |     6 |    69 |   112 |    58 |    36 |    58 ||   339
       Passwall          |       |       |       |     2 |       |       |       |       ||     2
       Petrify           |       |       |       |     3 |    25 |       |       |       ||    28
       Irradiate         |       |       |       |       |    18 |    51 |    15 |       ||    84
       Bolt of Magma     |       |       |       |       |    10 |    49 |    14 |     7 ||    80
       Iron Shot         |       |       |       |       |       |    86 |   105 |    60 ||   251
       Fireball          |       |       |       |       |       |    13 |     5 |       ||    18
       Ignition          |       |       |       |       |       |     8 |   118 |    91 ||   217
       Shatter           |       |       |       |       |       |       |       |    10 ||    10
 Abil: Fly               |       |       |       |       |     1 |       |       |       ||     1
Evoke: Wand              |       |       |     1 |    11 |     7 |       |       |     5 ||    24
       Condenser vane    |       |       |       |       |     2 |     2 |       |     2 ||     6
       Phantom mirror    |       |       |       |       |     1 |       |       |     1 ||     2
       Tin of tremorston |       |       |       |       |       |       |       |     4 ||     4
       Box of beasts     |       |       |       |       |       |       |       |     1 ||     1
  Use: Scroll            |     4 |    11 |    14 |    18 |    13 |    15 |     9 |    17 ||   101
       Potion            |     1 |       |     2 |    14 |     1 |     6 |     1 |    34 ||    59
 Stab: Sleeping          |     1 |     3 |     6 |     6 |       |     2 |     1 |       ||    19
       Distracted        |       |       |       |     1 |     1 |     3 |       |       ||     5
       Invisible         |       |       |       |     1 |       |       |       |       ||     1
       Petrified         |       |       |       |       |    29 |       |       |       ||    29
       Petrifying        |       |       |       |       |     3 |       |       |       ||     3
       Confused          |       |       |       |       |     1 |       |       |       ||     1
Armor: Robe              |     3 |    62 |   122 |    11 |    57 |       |       |       ||   255
       Steam dragon scal |       |       |     8 |   185 |     1 |       |       |       ||   194
       Leather armour    |       |       |       |       |   438 |   609 |   451 |   373 ||  1871
       Skin              |       |       |       |       |       |     1 |       |       ||     1
Dodge: Dodged            |    13 |    94 |   162 |   432 |   758 |   864 |   464 |   437 ||  3224
Block: Other             |       |       |    29 |   140 |   224 |   273 |   173 |   122 ||   961
       Reflection        |       |       |     2 |     3 |    11 |    15 |    29 |    17 ||    77

Table legend: (Time is in decaauts)
 A = Elapsed time spent in this place.
 B = Non-inter-level travel time spent in this place.
 C = Inter-level travel time spent in this place.
 D = Time resting spent in this place.
 E = Time spent auto-exploring this place.
 F = Levels seen in this place.
 G = Mean time per level.
                   A        B        C        D        E       F      G
               +--------+--------+--------+--------+--------+-----+--------+
         Total |  68404 |  65074 |   3330 |  17836 |  34838 |  43 | 1590.8 |
       Dungeon |  24672 |  23403 |   1269 |   5573 |  13403 |  15 | 1644.8 |
        Temple |    237 |    206 |     31 |      0 |    204 |   1 |  237.0 |
          Lair |   8236 |   7724 |    512 |   2085 |   4322 |   6 | 1372.7 |
         Swamp |   4454 |   4261 |    193 |   1536 |   2065 |   4 | 1113.5 |
     Snake Pit |   9383 |   8902 |    481 |   3046 |   4312 |   4 | 2345.8 |
  Orcish Mines |   2873 |   2780 |     93 |    622 |   1427 |   2 | 1436.5 |
   Elven Halls |   5203 |   5113 |     90 |   1369 |   2709 |   3 | 1734.3 |
        Vaults |  10614 |   9957 |    657 |   2552 |   5694 |   5 | 2122.8 |
         Abyss |    663 |    663 |      0 |    136 |    229 |   1 |  663.0 |
        Wizlab |    939 |    939 |      0 |    414 |    150 |   1 |  939.0 |
      Gauntlet |   1125 |   1125 |      0 |    501 |    323 |   1 | 1125.0 |
               +--------+--------+--------+--------+--------+-----+--------+

Top non-repeatable levels by time:
 Snake:4: 3917 daAuts
    D:10: 3541 daAuts
   Elf:3: 3053 daAuts
    D:12: 2928 daAuts
Vaults:4: 2857 daAuts
Vaults:3: 2831 daAuts
Vaults:1: 2422 daAuts
    D:14: 2356 daAuts
 Snake:3: 2317 daAuts
Vaults:2: 2174 daAuts
  Lair:5: 2153 daAuts
    D:11: 2038 daAuts
    D:13: 2033 daAuts
   Orc:2: 1945 daAuts
 Snake:2: 1836 daAuts
